 Dungeon Crawl Stone Soup version 0.23-a0-32-g1388f29 (webtiles) character file.

3375 poirepourri the Thaumaturge (level 9, -9/45 HPs)
             Began as a Deep Elf Conjurer on Aug 4, 2018.
             Mangled by a merfolk
             ... wielding a +0 spear
              (19 damage)
             ... on level 9 of the Dungeon.
             The game lasted 00:13:50 (11508 turns).

poirepourri the Thaumaturge (Deep Elf Conjurer)    Turns: 11508, Time: 00:13:51

Health: -9/45      AC: 12    Str:  4 (5)  XL:     9   Next: 74%
Magic:  1/28       EV: 13    Int: 24      God:
Gold:   237        SH:  0    Dex: 15      Spells: 16/34 levels left

rFire    . . .     SeeInvis .   a - +1 short sword
rCold    . . .     Gourm    .   (no shield)
rNeg     . . .     Faith    .   p - +1 robe of Beyond {+Fly rElec rPois Slay-4}
rPois    +         Spirit   .   f - +2 helmet
rElec    +         Reflect  .   g - +2 cloak
rCorr    +         Harm     .   k - +0 pair of gloves
MR       .....                  h - +1 pair of boots
Stlth    ++........             (no amulet)
HPRegen  0.15/turn              b - ring of resist corrosion
MPRegen  0.21/turn              m - ring of wizardry

@: about to teleport
A: no striking features
a: Evoke Flight


You were on level 9 of the Dungeon.
You were full.

You visited 2 branches of the dungeon, and saw 10 of its levels.
You also visited: Sewer.

You collected 517 gold pieces.
You spent 280 gold pieces at shops.

Inventory:

Hand Weapons
 a - a +1 short sword (weapon)
Missiles
 e - 4 tomahawks of dispersal (quivered)
 l - 50 bolts
Armour
 d - a +0 robe
 f - a +2 helmet (worn)
 g - a +2 cloak (worn)
 h - a +1 pair of boots (worn)
 k - a +0 pair of gloves (worn)
 p - the +1 robe of Beyond (worn) {+Fly rElec rPois Slay-4}
   (You found it on level 8 of the Dungeon)

   It affects your accuracy and damage with ranged weapons and melee attacks
   (-4).
   It insulates you from electricity.
   It protects you from poison.
   It lets you fly.
 y - the +1 ring mail "Xeusm" {rCorr}
   (You found it on level 8 of the Dungeon)

   It provides partial protection from all sources of acid and corrosion.
Jewellery
 b - a ring of resist corrosion (left hand)
 i - a +3 ring of strength
 m - a ring of wizardry (right hand)
Wands
 j - a wand of acid (7)
 n - a wand of disintegration (16)
 r - a wand of enslavement (18)
Scrolls
 o - 2 scrolls of remove curse
 s - a scroll of teleportation
 u - a scroll of amnesia
 v - a scroll of magic mapping
 w - a scroll of identify
Potions
 q - a potion of flight
 t - a potion of degeneration
Comestibles
 c - 7 rations


   Skills:
 - Level 2.4 Dodging
 - Level 2.4 Stealth
 + Level 13.1 Spellcasting
 - Level 11.0 Conjurations


You had 16 spell levels left.
You knew the following spells:

 Your Spells              Type           Power        Failure   Level  Hunger
a - Magic Dart            Conj           ####         1%          1    None
b - Searing Ray           Conj           ######       1%          2    None
c - Dazzling Spray        Conj/Hex       #####.       1%          3    None
d - Iskenderun's Mystic   Conj           ######..     1%          4    None
e - Force Lance           Conj/Tloc      #####...     1%          4    None
f - Fulminant Prism       Conj/Hex       #####.....   1%          4    None

Your spell library contained the following spells:

 Spells                   Type           Power        Failure   Level  Hunger
 Confuse                  Hex            ###.....     4%          3    None
 Animate Dead             Necr           N/A          16%         4    None
 Pain                     Necr           ###.         1%          1    None
 Animate Skeleton         Necr           N/A          1%          1    None
 Vampiric Draining        Necr           ###.......   4%          3    None
 Regeneration             Chrm/Necr      ###.......   4%          3    None
 Spider Form              Tmut/Pois      ###.......   4%          3    None
 Blade Hands              Tmut           ###.......   38%         5    ###....
 Ice Form                 Ice/Tmut       ###.....     16%         4    None
 Confusing Touch          Hex            ###...       1%          1    None
 Sticks to Snakes         Tmut           ###.....     2%          2    None
 Metabolic Englaciation   Hex/Ice        ###.......   38%         5    ###....
 Petrify                  Tmut/Erth      ###.....     16%         4    None
 Beastly Appendage        Tmut           ###...       1%          1    None
 Gell's Gravitas          Tloc           ###.......   4%          3    None
 Yara's Violent Unravell  Hex/Tmut       ###.......   38%         5    ###....


Dungeon Overview and Level Annotations

Branches:
Dungeon (9/15)             Temple (1/1) D:5
   Lair: D:8-11         Orc: D:9-12

Altars:
Ashenzari
Cheibriados
Dithmenos
Elyvilon
Fedhas
Gozag
Hepliaklqana
Kikubaaqudgha
Makhleb
Nemelex Xobeh
Okawaru
Qazlal
Ru
Sif Muna
Trog
Uskayaw
Vehumet
Wu Jian
Xom
Yredelemnul
Zin
The Shining One

Shops:
D:7 %

Annotations:
D:8 3 runed doors, azzavlup's ghost, novice TeSu
D:9 Harold


Message History

The merfolk is severely wounded.
The merfolk closely misses you. The merfolk misses you.
Casting: Searing Ray (safe; 1% risk of failure)
Confirm with . or Enter, or press ? or * to list all spells.
Aiming: Magic Dart (safe; 1% risk of failure)
Press: ? - help, Shift-Dir - straight line, f/p - merfolk
Aim: a merfolk, wielding a spear (severely wounded)
The magic dart hits the merfolk.
The merfolk is severely wounded.
The merfolk closely misses you.
You closely miss the merfolk.
The merfolk is severely wounded.
The merfolk barely misses you.
Okay, then.
As you read the scroll of teleportation, it crumbles to dust.
You feel strangely unstable. The merfolk barely misses you.
You hit the merfolk but do no damage.
The merfolk is severely wounded.
The merfolk hits you with a spear!!
You die...

# # # . . ### .
...########.#
#..........# #
#.#####...##(#.#
#.....(...m@...#
########..(######
.......'...'..#
########...##.m...
#...# #≈≈≈
############(..####
##
....................
####.@.#############
.......)......


You could see a merfolk.

Vanquished Creatures
  Joseph (D:9)
  The ghost of Scuka the Ruffian, an amateur DrTm (D:3)
  An ice beast (D:6)
  3 ogres
  A necrophage (D:4)
  2 centaurs
  A big kobold (Sewer)
  2 bullfrogs
  4 scorpions
  12 killer bees
  A wight (D:9)
  An electric eel (D:7)
  3 howler monkeys
  2 crimson imps
  3 jellies
  A hound (D:7)
  14 orc wizards
  3 orc priests (D:5)
  3 iguanas
  6 worker ants
  A hound zombie (D:5)
  2 hound skeletons
  4 gnolls (D:4)
  A howler monkey skeleton (D:6)
  8 adders
  3 river rats (Sewer)
  2 shadow imps
  An ooze (D:1)
  An adder skeleton (D:4)
  2 worms (D:3)
  A dart slug (D:6)
  6 leopard geckos
  7 orcs
  4 giant cockroaches
  3 goblins
  8 hobgoblins
  18 jackals
  2 quokkas
  5 ball pythons
  8 bats
  2 frilled lizards
  A jackal zombie (D:5)
  12 kobolds
  7 rats
174 creatures vanquished.

Vanquished Creatures (others)
  2 fulminant prisms
2 creatures vanquished.

Grand Total: 176 creatures vanquished

Notes
Turn   | Place    | Note
-------+----------+-------------------------------------------
     0 | D:1      | poirepourri the Deep Elf Conjurer began the quest for the Orb.
     0 | D:1      | Reached XP level 1. HP: 10/10 MP: 6/6
   279 | D:1      | Reached skill level 4 in Spellcasting
   279 | D:1      | Reached XP level 2. HP: 15/15 MP: 7/9
   323 | D:1      | Learned a level 2 spell: Searing Ray
   708 | D:1      | Reached XP level 3. HP: 17/19 MP: 7/11
   845 | D:1      | Learned a level 3 spell: Dazzling Spray
  1309 | D:2      | Reached skill level 5 in Spellcasting
  1443 | D:2      | Reached XP level 4. HP: 24/24 MP: 11/13
  1455 | D:2      | Reached skill level 6 in Spellcasting
  2510 | D:3      | Found a basalt altar of Yredelemnul.
  2560 | D:3      | Reached skill level 7 in Spellcasting
  2560 | D:3      | Reached XP level 5. HP: 28/28 MP: 1/16
  2734 | D:3      | Found a blossoming altar of Fedhas.
  2814 | D:3      | Found a shimmering altar of Xom.
  2858 | D:3      | Found an iron altar of Okawaru.
  2995 | D:3      | Found a large runed door.
  2995 | D:3      | Found a large runed door.
  2996 | D:3      | Noticed Scuka's ghost (amateur DrTm)
  3018 | D:3      | Killed Scuka's ghost
  3018 | D:3      | Reached skill level 9 in Spellcasting
  3018 | D:3      | Reached XP level 6. HP: 22/32 MP: 2/20
  3411 | D:4      | Learned a level 4 spell: Iskenderun's Mystic Blast
  3416 | D:4      | Learned a level 4 spell: Force Lance
  3421 | D:4      | Learned a level 4 spell: Fulminant Prism
  3760 | D:4      | Reached skill level 10 in Spellcasting
  3760 | D:4      | Reached XP level 7. HP: 10/36 MP: 2/22
  4113 | D:4      | Found the +8 storm bow {elec}
  4158 | D:4      | Found a stormy altar of Qazlal.
  4600 | D:5      | Entered Level 5 of the Dungeon
  4604 | D:5      | Reached skill level 5 in Conjurations
  4630 | D:5      | Found a staircase to the Ecumenical Temple.
  5322 | D:5      | Found a glowing drain.
  5329 | D:5      | Reached XP level 8. HP: 28/40 MP: 4/24
  5352 | Sewer    | Entered a sewer
  6279 | Sewer    | Found a white marble altar of Elyvilon.
  6576 | Temple   | Entered the Ecumenical Temple
  7139 | D:6      | Found an ornate altar of the Wu Jian Council.
  7655 | D:6      | Found a snail-covered altar of Cheibriados.
  7801 | D:6      | Reached skill level 10 in Conjurations
  7976 | D:6      | Found a glowing golden altar of the Shining One.
  8250 | D:7      | Found a glowing silver altar of Zin.
  8251 | D:7      | Found an opulent altar of Gozag.
  8641 | D:7      | Reached XP level 9. HP: 45/45 MP: 16/25
  8673 | D:7      | Found Xaisas's Food Shoppe.
  8676 | D:7      | Bought a ration for 70 gold pieces
  8676 | D:7      | Bought a ration for 70 gold pieces
  8676 | D:7      | Bought a ration for 70 gold pieces
  8676 | D:7      | Bought a ration for 70 gold pieces
  9517 | D:8      | Reached skill level 11 in Spellcasting
 10386 | D:8      | Got a distressingly furry ring mail
 10467 | D:8      | Found a runed gate.
 10492 | D:8      | Identified the +1 ring mail "Xeusm" {rCorr} (You found it on level 8 of the Dungeon)
 10580 | D:8      | Found a radiant altar of Vehumet.
 10580 | D:8      | Found a deep blue altar of Sif Muna.
 10581 | D:8      | Found a hazy altar of Hepliaklqana.
 10585 | D:8      | Found a shadowy altar of Dithmenos.
 10596 | D:8      | Found a runed gate.
 10596 | D:8      | Found a runed gate.
 10598 | D:8      | Noticed azzavlup's ghost (novice TeSu)
 10685 | D:8      | Got a smoking robe
 10696 | D:8      | Identified the +1 robe of Beyond {+Fly rElec rPois Slay-4} (You found it on level 8 of the Dungeon)
 10939 | D:9      | Reached skill level 12 in Spellcasting
 10967 | D:9      | Noticed Joseph
 11215 | D:9      | Noticed Harold
 11486 | D:9      | Noticed a merfolk
 11493 | D:9      | Killed Joseph
 11493 | D:9      | Reached skill level 13 in Spellcasting
 11508 | D:9      | Mangled by a merfolk

Vault maps used:
D:1:      minmay_arrival_wavy_path, lemuel_flame_loot_1
D:3:      old_standard_altar, lemuel_round_altar,
          gammafunk_temple_overflow_pools, ebering_ghost_disaster_area
D:4:      overflow_temple_1_default, first_ration
D:5:      minmay_temple_entry_overgrown, cheibrodos_sewer_entry_drain
D:6:      minmay_flawed_box, lemuel_coloured_pillars_altar,
          kennysheep_slug_shrine, hangedman_abyss_or_decor_stagger,
          lemuel_tele_altar
D:7:      grunt_temple_overflow_gold_and_silver, serial_shops,
          kennysheep_mini_moat, serial_bayou_lake_a
D:8:      minitemple, gammafunk_ghost_necromancy
D:9:      hangedman_fish_farm, uniq_joseph, uniq_harold, uniq_maurice,
          uniq_erolcha
Temple:   jpeg_temple_island
Sewer:    sewer_kobolds

Skill      XL: |  1  2  3  4  5  6  7  8  9 |
---------------+----------------------------+-----
Spellcasting   | 4 5 7 9 10 13 | 13.1
Conjurations   | 7 10 11 | 11.0
Dodging        | |  2.4
Stealth        | |  2.4

Action                   |  1- 3 |  4- 6 |  7- 9 || total
-------------------------+-------+-------+-------++-------
Melee: Short sword       |       |     4 |    37 ||    41
 Cast: Magic Dart        |    48 |    89 |   144 ||   281
       Searing Ray       |     3 |    18 |    43 ||    64
       Dazzling Spray    |       |     6 |    24 ||    30
       Iskenderun's Myst |       |       |    33 ||    33
       Fulminant Prism   |       |       |     2 ||     2
  Use: Scroll            |       |     6 |    10 ||    16
       Potion            |       |     1 |    15 ||    16
 Stab: Invisible         |       |     1 |       ||     1
  Eat: Ration            |     1 |     3 |     7 ||    11
Armor: Robe              |     2 |    10 |    66 ||    78
       Skin              |       |     8 |    23 ||    31
Dodge: Dodged            |    14 |    33 |   147 ||   194

Table legend:
 A = Spawn XP
 B = Non-spawn XP
 C = Spawn XP percentage of total XP
 D = Spawn monster count
 E = Non-spawn monster count
 F = Spawn count percentage of total count
 G = Total turns spent on level
                    A         B        C        D         E        F      G
               +---------+---------+-------+---------+---------+-------+---------
         Total |       0 |    4822 |   0.0 |       0 |     174 |   0.0 | 11508
               +---------+---------+-------+---------+---------+-------+---------
           D:1 |       0 |      43 |   0.0 |       0 |      23 |   0.0 |  1306
           D:2 |       0 |     102 |   0.0 |       0 |      18 |   0.0 |  1022
           D:3 |       0 |     341 |   0.0 |       0 |      26 |   0.0 |  1047
           D:4 |       0 |     450 |   0.0 |       0 |      20 |   0.0 |  1628
           D:5 |       0 |     794 |   0.0 |       0 |      23 |   0.0 |   897
           D:6 |       0 |     696 |   0.0 |       0 |      15 |   0.0 |  1121
           D:7 |       0 |     428 |   0.0 |       0 |      12 |   0.0 |   784
           D:8 |       0 |     854 |   0.0 |       0 |      18 |   0.0 |  2366
           D:9 |       0 |     960 |   0.0 |       0 |       9 |   0.0 |   135
         Sewer |       0 |     154 |   0.0 |       0 |      10 |   0.0 |   973
               +---------+---------+-------+---------+---------+-------+---------
